 Dungeon Crawl Stone Soup version 0.17-a0-1069-g92ad481 (webtiles) character file.

5 Sixotanaka the Stinger (level 1, 0/10 HPs)
             Began as a Deep Elf Venom Mage on May 17, 2015.
             Slain by a jackal (1 damage)
             ... on level 1 of the Dungeon.
             The game lasted 00:00:54 (200 turns).

Sixotanaka the Stinger (Deep Elf Venom Mage)         Turns: 200, Time: 00:00:54

Health: 0/10       AC:  2    Str:  5    XL:     1   Next: 66%
Magic:  0/6        EV: 13    Int: 19    God:
Gold:   0          SH:  0    Dex: 15    Spells: 1 memorised, 5 levels left

rFire  . . .     SeeInvis .     d - +0 club
rCold  . . .     Clarity  .     a - +0 robe
rNeg   . . .     SustAb   .     (no shield)
rPois  .         Gourm    .     (no helmet)
rElec  .         Spirit   .     (no cloak)
rCorr  .         Warding  .     (no gloves)
rMut   .         Stasis   .     (no boots)
MR     .....                    (no amulet)
Stlth  ++........               (no ring)
                                (no ring)

@: not resistant to hostile enchantments, unstealthy
A: no striking features
a: no special abilities


You were on level 1 of the Dungeon.
You were not hungry.

You visited 1 branch of the dungeon, and saw 1 of its levels.


   Skills:
 - Level 2.4 Dodging
 - Level 2.4 Stealth
 - Level 3.0 Spellcasting
 + Level 1.4 Conjurations
 - Level 4.3 Poison Magic


You had 5 spell levels left.
You knew the following spells:

 Your Spells              Type           Power        Failure   Level  Hunger
z - Sting                 Conj/Pois      ##..         6%          1    None


Dungeon Overview and Level Annotations

Branches:
Dungeon (1/15)

Altars:

Inventory:

Hand weapons
 d - a +0 club (weapon)
Armour
 a - a +0 robe (worn)
Books
 b - a Young Poisoner's Handbook
Comestibles
 c - a bread ration
 f - a beef jerky

############
#..@h......#
#.########.# # #.#
####### g #†#
#......
....#####.###......
....hh.............
.....##.#.......)..
... #.#.......... .
#.#..........


You could see a jackal.


Message History

You start resting.
Found a beef jerky.
f - a beef jerky
Found a whip.
A jackal comes into view.
Casting: Sting
Aiming: Sting
Okay, then.
You see here a whip.
Found a stone staircase leading down.
Casting: Sting
Aiming: Sting
Aim: a jackal (resting)
You miscast Sting.
You are very lightly contaminated with residual magic.
Nothing appears to happen.
Casting: Sting
Aiming: Sting
Aim: a jackal (resting)
The sting hits the jackal.
The jackal is poisoned.
The jackal barks! 2 jackals come into view.
Casting: Sting
Aiming: Sting
Aim: a jackal (heavily wounded, poisoned)
The sting hits the jackal.
The jackal barks! x2
A jackal and a goblin come into view.
Casting: Sting
Aiming: Sting
Aim: a jackal (severely wounded, poisoned)
The sting hits the jackal.
You kill the jackal!
The jackal barks!
Casting: Sting
Aiming: Sting
Aim: a jackal The sting hits the jackal.
The jackal appears unharmed.
Casting: Sting
Aiming: Sting
Aim: a jackal The sting hits the jackal.
You hit the jackal.
You kill the jackal!
Your Conjurations skill increases to level 1!
You hit the jackal but do no damage. The jackal completely misses you.
The jackal bites you but does no damage.
Casting: Sting
Aiming: Sting
Aim: a jackal The sting misses the jackal.
The sting hits the jackal.
The jackal is poisoned.
The jackal closely misses you. The jackal bites you.
You closely miss the jackal. The jackal bites you.
* * * LOW HITPOINT WARNING * * *
The jackal completely misses you.
You kill the jackal!
The jackal barely misses you.
Casting: Sting
Aiming: Sting
Aim: a jackal The sting hits the jackal.
The jackal appears unharmed.
The jackal bites you.
* * * LOW HITPOINT WARNING * * *
The jackal barely misses you.
Your magical contamination has completely faded away.
You closely miss the jackal. The jackal misses you. The jackal bites you.
* * * LOW HITPOINT WARNING * * *
You aren't carrying any potions.
Unknown command.
The jackal bites you.
You die...

Action                   || total
-------------------------++-------
Melee: Club              ||     4
 Cast: Sting             ||     8

Vault maps used:
D:1:      matt_arrival_spirals, minmay_surrounded

Notes
Turn   | Place    | Note
--------------------------------------------------------------
     0 | D:1      | Sixotanaka the Deep Elf Venom Mage began the quest for the Orb.
     0 | D:1      | Reached XP level 1. HP: 10/10 MP: 6/6
   187 | D:1      | Reached skill level 1 in Conjurations
   197 | D:1      | HP: 1/10 [jackal (3)]
   200 | D:1      | Slain by a jackal

Vanquished Creatures
  A hobgoblin (D:1)
  3 jackals (D:1)
4 creatures vanquished.
